 Dungeon Crawl Stone Soup version 0.28-a0-938-gbc3f381ebc (webtiles) character file.

Game seed: 14976406647481561763

5891 Decritt the Cleaver (level 10, -2/91 HPs)
             Began as a Minotaur Fighter on Nov 28, 2021.
             Was an Initiate of Gozag.
             Slain by a troll (8 damage)
             ... on level 9 of the Dungeon.
             The game lasted 00:22:39 (9902 turns).

Decritt the Cleaver (Minotaur Fighter)              Turns: 9902, Time: 00:22:39

Health: -2/91      AC: 17    Str: 24    XL:     10   Next: 53%
Magic:  9/9        EV:  9    Int:  5    God:    Gozag
Gold:   1020       SH:  6    Dex: 16    Spells: 9/9 levels left

rFire   . . .      SeeInvis .   y - +5 hand axe (elec)
rCold   . . .      Faith    .   c - +0 buckler
rNeg    + . .      Spirit   .   G - +0 plate armour
rPois   .          Reflect  .   (helmet restricted)
rElec   .          Harm     .   b - scarf {repulsion}
rCorr   .          Rampage  .   (no gloves)
Will    .....                   h - +2 pair of boots {Stlth+}
Stlth   ..........              (no amulet)
HPRegen 0.25/turn               i - +6 ring of dexterity
MPRegen 0.11/turn               n - ring of positive energy

@: mighty, gold aura, repel missiles
A: horns 2, retaliatory headbutt
a: Renounce Religion, Potion Petition, Call Merchant, Bribe Branch


You were on level 9 of the Dungeon.
You worshipped Gozag.
Gozag was most pleased with you.
You visited 2 branches of the dungeon, and saw 10 of its levels.

You collected 1088 gold pieces.
You paid 68 gold pieces to Gozag.

Inventory:

Hand Weapons
 y - a +5 hand axe of electrocution (weapon)
Missiles
 u - 7 boomerangs (quivered)
 x - a throwing net
Armour
 b - a scarf of repulsion (worn)
 c - a +0 buckler (worn)
 h - a +2 pair of boots of stealth (worn)
 G - a +0 plate armour (worn)
Jewellery
 i - a +6 ring of dexterity (left hand)
 n - a ring of positive energy (right hand)
Wands
 z - a wand of charming (5)
 B - a wand of iceblast (13)
 D - a wand of polymorph (13)
 H - a wand of paralysis (8)
Scrolls
 a - a scroll of blinking {unknown}
 g - a scroll of magic mapping
 k - 6 scrolls of teleportation
Potions
 e - 2 potions of mutation
 f - a potion of resistance
 l - a potion of berserk rage
 o - 2 potions of magic
 q - 4 potions of curing
 t - 3 potions of heal wounds
 I - a potion of flight
Miscellaneous
 E - a tin of tremorstones (1/2)


   Skills:
 + Level 9.1 Fighting
 + Level 10.0 Axes
 + Level 4.2 Throwing
 + Level 9.0 Armour
 - Level 5.4 Dodging
 - Level 7.2 Shields
 + Level 3.8 Evocations


You had 9 spell levels left.
You didn't know any spells.
Your spell library contained the following spells:

 Spells                   Type           Power      Damage    Failure   Level
 Beastly Appendage        Tmut           0%         N/A       99%         1
 Poisonous Vapours        Pois/Air       0%         N/A       100%        2
 Wereblood                Tmut           0%         N/A       100%        2
 Dazzling Flash           Conj/Hex       0%         N/A       100%        3
 Spider Form              Tmut/Pois      0%         N/A       100%        3
 Tukima's Dance           Hex            0%         N/A       100%        3
 Iskenderun's Mystic Bla  Conj/Tloc      0%         2d3       100%        4
 Passage of Golubria      Tloc           0%         N/A       100%        4
 Freezing Cloud           Conj/Ice/Air   0%         6-21      100%        5
 Yara's Violent Unravell  Hex/Tmut       0%         3d3       100%        5
 Starburst                Conj/Fire      0%         6d3       100%        6


Dungeon Overview and Level Annotations

Branches:
Dungeon (9/15)             Temple (1/1) D:6
   Lair: D:8-11         Orc: D:9-12

Altars:
Cheibriados
Fedhas
Gozag
Hepliaklqana
Kikubaaqudgha
Makhleb
Nemelex Xobeh
Okawaru
Qazlal
Ru
Sif Muna
Trog
Uskayaw
Vehumet
Wu Jian
Xom
Yredelemnul
Zin
The Shining One
Beogh

Shops:
D:5 [

Annotations:
D:7 4 runed translucent doors
D:9 3 runed translucent doors, paps's ghost, novice OpDe


Innate Abilities, Weirdness & Mutations

You have a pair of horns on your head.
You reflexively headbutt those who attack you in melee.


Message History

You barely miss the hornet.
The hornet is heavily wounded.
You feel yourself speed up.
The hornet stings you but does no damage.
You hit the hornet.
The hornet is heavily wounded.
The hornet stings you!
* * * LOW HITPOINT WARNING * * *
You are poisoned.
You feel yourself slow down. The hornet closely misses you.
You feel better. The hornet barely misses you. x2
You feel very mighty all of a sudden.
You feel yourself speed up. You block the hornet's attack.
The hornet stings you!
* * * LOW HITPOINT WARNING * * *
You feel yourself slow down.
You slash the hornet!
You kill the hornet!
You feel yourself speed up.
Your Axes skill increases to level 10!
You hit the troll.
The troll is lightly wounded.
The troll bites you but does no damage. The troll claws you.
* * * LOW HITPOINT WARNING * * *
The troll claws you.
* * * LOW HITPOINT WARNING * * *
You slash the troll!
The troll is heavily wounded.
You block the troll's attack. The troll barely misses you.
The troll claws you but does no damage.
You slash the troll! You headbutt the troll.
The troll is severely wounded.
You hit the troll. Your headbutt misses the troll.
The troll is almost dead.
The troll bites you!
* * * LOW HITPOINT WARNING * * *
The troll claws you.
* * * LOW HITPOINT WARNING * * *
The troll claws you!
You die...
Your body crumbles into a pile of gold.

.##y$T............+,**,,,,,,,,,,,
.####.............*********+*****
.# #...........$.* *,,* .#
######'######** **,** ## #..#
*,,* ####'#### *,** #.......#
****+**** # ###.......####
*,,,,,,,**** ######.'.......T@.#
*,,,,,,,+,,,
#......#.......##.#***,,,,,,,***,
..######.......#*...,+,,,,,,,* **
### #.......#*####*,,,,,,,* #
###'##### *,,,,,,,* # ##.#
***+***** ##..# *,,,,* #..##
****,** #.## *,,*


You could see a troll.

Vanquished Creatures
  A two-headed ogre (D:8)
  A cyclops (D:8)
  2 tengu conjurers (D:8)
  2 hornets
  Sigmund (D:2)
  A steam dragon (D:9)
  2 water moccasins
  A black bear (D:6)
  5 orc warriors
  2 necrophages
  An ogre (D:7)
  4 centaurs
  2 phantoms
  A kobold brigand (D:8)
  2 bullfrogs
  3 scorpions
  A gnoll sergeant (D:6)
  A wyvern zombie (D:7)
  A water moccasin skeleton (D:7)
  4 killer bees (D:9)
  2 howler monkeys
  4 wights (D:8)
  2 centaur zombies
  4 hounds
  4 jellies
  A gnoll shaman (D:7)
  6 orc priests
  Crazy Yiuf (D:5)
  2 bullfrog skeletons (D:6)
  A centaur skeleton (D:4)
  2 iguanas
  Jessica (D:2)
  Terence (D:2)
  Natasha (twice) (D:2 D:1)
  4 orc wizards
  A killer bee zombie (D:9)
  A hound skeleton (D:5)
  A howler monkey zombie (D:6)
  Robin (D:3)
  8 gnolls (D:6)
  12 adders
  A howler monkey skeleton (D:7)
  2 shadow imps
  A white imp (D:5)
  2 ufetubi
  An adder skeleton (D:5)
  4 dart slugs
  50 orcs
  7 ball pythons
  8 endoplasms
  2 giant cockroaches
  15 goblins
  9 hobgoblins
  10 kobolds
  3 quokkas
  7 bats
  3 frilled lizards
  6 rats
230 creatures vanquished.

Vanquished Creatures (others)
  A plant (D:3)
  7 withered plants (D:2)
8 creatures vanquished.

Grand Total: 238 creatures vanquished

Notes
Turn   | Place    | Note
-------+----------+-------------------------------------------
     0 | D:1      | Decritt the Minotaur Fighter began the quest for the Orb.
     0 | D:1      | Reached XP level 1. HP: 19/19 MP: 0/0
   190 | D:1      | Reached XP level 2. HP: 27/27 MP: 1/1
   660 | D:2      | Noticed Natasha
   667 | D:2      | Killed Natasha
   668 | D:2      | Reached skill level 3 in Axes
   668 | D:2      | Reached XP level 3. HP: 33/33 MP: 2/2
   704 | D:2      | Noticed Sigmund
   704 | D:2      | Noticed Natasha
   840 | D:1      | Killed Natasha
   841 | D:1      | Reached skill level 1 in Dodging
   841 | D:1      | Reached XP level 4. HP: 26/40 MP: 3/3
  1056 | D:2      | Killed Sigmund
  1057 | D:2      | Reached XP level 5. HP: 40/47 MP: 4/4
  1220 | D:2      | Noticed Jessica
  1226 | D:2      | Killed Jessica
  1227 | D:2      | Reached skill level 4 in Axes
  1370 | D:2      | Found a faded altar of an unknown god.
  1375 | D:2      | Noticed Terence
  1413 | D:2      | Killed Terence
  1414 | D:2      | Reached skill level 5 in Shields
  1414 | D:2      | Reached XP level 6. HP: 45/55 MP: 5/5
  1511 | D:2      | Reached skill level 5 in Fighting
  1631 | D:2      | Reached skill level 5 in Armour
  1898 | D:3      | Noticed Robin
  1928 | D:3      | Killed Robin
  2956 | D:4      | Reached XP level 7. HP: 61/61 MP: 6/6
  3550 | D:5      | Entered Level 5 of the Dungeon
  3572 | D:5      | Reached skill level 5 in Axes
  4455 | D:5      | Found a runed translucent door.
  4456 | D:5      | Noticed Crazy Yiuf
  4466 | D:5      | Killed Crazy Yiuf
  4740 | D:5      | Reached XP level 8. HP: 70/70 MP: 7/7
  4741 | D:5      | Found a radiant altar of Vehumet.
  4854 | D:5      | Found Lancelot's Dragon-Slaying Spoils.
  4930 | D:5      | Reached skill level 6 in Axes
  5226 | D:6      | Found a staircase to the Ecumenical Temple.
  5236 | Temple   | Entered the Ecumenical Temple
  5340 | Temple   | Became a worshipper of Gozag Ym Sagoz the Greedy
  5858 | D:6      | Found a sparkling altar of Nemelex Xobeh.
  5898 | D:6      | Reached skill level 7 in Axes
  6276 | D:7      | Found a large runed translucent door.
  6276 | D:7      | Found a large runed translucent door.
  6280 | D:7      | Noticed a four-headed hydra
  6280 | D:7      | Noticed a six-headed hydra
  6315 | D:7      | Reached skill level 5 in Dodging
  6519 | D:7      | Reached XP level 9. HP: 41/79 MP: 8/8
  6783 | D:7      | Reached skill level 8 in Axes
  6941 | D:7      | Got the Grimoire of Congealing Envenoming
  7201 | D:7      | Found a large runed translucent door.
  7259 | D:7      | Found a large runed translucent door.
  7356 | D:7      | Noticed an eight-headed hydra
  8088 | D:8      | Noticed a cyclops
  8096 | D:8      | Killed a cyclops
  8097 | D:8      | Reached skill level 1 in Throwing
  8097 | D:8      | Reached skill level 1 in Evocations
  8450 | D:8      | Reached skill level 9 in Axes
  8579 | D:8      | Found the +0 staff of Battle
  8581 | D:8      | Noticed a tengu conjurer
  8581 | D:8      | Noticed a tengu conjurer
  8588 | D:8      | Killed a tengu conjurer
  8591 | D:8      | Killed a tengu conjurer
  8709 | D:8      | Reached XP level 10. HP: 89/89 MP: 9/9
  8722 | D:8      | Found a stormy altar of Qazlal.
  8838 | D:8      | Noticed a two-headed ogre
  8847 | D:8      | Killed a two-headed ogre
  9702 | D:9      | Identified the +2 trident of the Pariah {vorpal, rElec
                  | rPois rF-}
  9780 | D:9      | Found a runed translucent gate.
  9781 | D:9      | Found a runed translucent gate.
  9782 | D:9      | Found a runed translucent gate.
  9782 | D:9      | Noticed paps's ghost (novice OpDe)
  9782 | D:9      | Noticed a spectral centaur warrior
  9899 | D:9      | Reached skill level 10 in Axes
  9902 | D:9      | Slain by a troll

Illustrated notes

Levels and vault maps discovered:
D:1:      dpeg_arrival_connections, layout_rooms, hangedman_decor_growths
D:2:      minmay_angry_zag, layout_basic, ebering_ecumenical_altar_petrified,
          serial_corexii_hall, chequers_hall_statues_y,
          corexii_hall_statues_deadend, corexii_hall_statues_x, uniq_terence,
          uniq_sigmund, uniq_jessica, uniq_natasha
D:3:      layout_basic, chequers_serial_rivers_large_a, serial_bayou_pond_b,
          uniq_robin
D:4:      layout_loops_cross, minmay_misc_feat_plants
D:5:      layout_rooms, general_overflow_altar, nicolae_shop_dragon_depot,
          minivault_27, uniq_crazy_yiuf_cottage
D:6:      layout_gridville, lemuel_coloured_pillars_altar, temple_green
D:7:      layout_cave_pods, minmay_hollow_rounded_squares
D:8:      layout_basic, grunt_qazlal_sundering, special_room [special_room_orc],
          hellmonk_guarded_unrand_staff_of_battle
D:9:      layout_roguey, gammafunk_ghost_necromancy, grunt_ministairs_2,
          onia_ninara_cookie
Temple:   regret_index_temple_sphere_string

Skill      XL: |  1  2  3  4  5  6  7  8  9 10 |
---------------+-------------------------------+-----
Fighting       | 4 5 6 7 8 9 |  9.1
Axes           | 3 4 5 7 9 10 | 10.0
Armour         | 4 5 6 7 8 9 |  9.0
Shields        | 4 5 6 7 |  7.2
Dodging        | 1 2 3 5 |  5.4
Throwing       | 3 4 |  4.2
Evocations     | 2 3 |  3.8

Action                   |  1- 3 |  4- 6 |  7- 9 | 10-12 || total
-------------------------+-------+-------+-------+-------++-------
Melee: War axe           |    42 |   116 |   103 |       ||   261
       Headbutt          |     7 |    29 |    62 |    14 ||   112
       Hand axe          |       |       |   167 |    63 ||   230
Throw: Boomerang         |       |       |    63 |    27 ||    90
Evoke: Tin of tremorston |       |       |       |     1 ||     1
  Use: Scroll            |       |     5 |     2 |    12 ||    19
       Potion            |       |       |     2 |     2 ||     4
 Stab: Sleeping          |       |     2 |       |       ||     2
Armor: Scale mail        |    27 |    65 |     3 |       ||    95
       Chain mail        |       |       |   110 |       ||   110
       Plate armour      |       |       |    28 |    25 ||    53
Dodge: Dodged            |    18 |    66 |   130 |    45 ||   259
Block: Buckler           |     8 |    28 |    76 |    20 ||   132

Table legend: (Time is in decaauts)
 A = Elapsed time spent in this place.
 B = Non-inter-level travel time spent in this place.
 C = Inter-level travel time spent in this place.
 D = Time resting spent in this place.
 E = Time spent auto-exploring this place.
 F = Levels seen in this place.
 G = Mean time per level.
                   A        B        C        D        E       F      G
               +--------+--------+--------+--------+--------+-----+--------+
         Total |  10023 |   9866 |    157 |   1976 |   6207 |  10 | 1002.3 |
       Dungeon |   9869 |   9731 |    138 |   1976 |   6090 |   9 | 1096.6 |
        Temple |    153 |    134 |     19 |      0 |    117 |   1 |  153.0 |
               +--------+--------+--------+--------+--------+-----+--------+

Top non-repeatable levels by time:
     D:6: 1745 daAuts
     D:8: 1550 daAuts
     D:5: 1285 daAuts
     D:4: 1034 daAuts
     D:1: 996 daAuts
     D:7: 945 daAuts
     D:3: 898 daAuts
     D:2: 869 daAuts
     D:9: 544 daAuts
  Temple: 153 daAuts
